 Dungeon Crawl Stone Soup version 0.20.1-1-g8b1a95d (webtiles) character file.

63 ringo67 the Skirmisher (level 4, -4/40 HPs)
             Began as a Hill Orc Fighter on Dec 19, 2017.
             Slain by Sigmund
             ... wielding a +0 scythe
              (7 damage)
             ... on level 2 of the Dungeon.
             The game lasted 00:04:25 (2055 turns).

ringo67 the Skirmisher (Hill Orc Fighter)           Turns: 2055, Time: 00:04:26

Health: -4/40      AC:  7    Str: 19    XL:     4   Next: 9%
Magic:  4/4        EV:  7    Int:  8    God:
Gold:   78         SH:  9    Dex: 10    Spells: 3/3 levels left

rFire    . . .     SeeInvis .   a - +0 war axe
rCold    . . .     Gourm    .   c - +0 shield
rNeg     . . .     Faith    .   b - +0 scale mail
rPois    .         Spirit   .   (no helmet)
rElec    .         Reflect  .   (no cloak)
rCorr    +         Harm     .   (no gloves)
MR       .....     Rnd*Tele +   (no boots)
Stlth    ..........             (no amulet)
Regen    0.2/turn               h - ring of teleportation (curse)
MPRegen  0.1/turn               l - ring of resist corrosion

@: no status effects
A: no striking features
a: no special abilities


You were on level 2 of the Dungeon.
You were hungry.

You visited 1 branch of the dungeon, and saw 2 of its levels.

You collected 78 gold pieces.

Inventory:

Hand Weapons
 a - a +0 war axe (weapon)
Armour
 b - a +0 scale mail (worn)
 c - a +0 shield (worn)
Jewellery
 h - a cursed ring of teleportation (left hand)
 l - a ring of resist corrosion (right hand)
Scrolls
 o - 3 scrolls of identify {unknown}
 p - 2 scrolls of teleportation {unknown}
 q - a scroll of blinking {unknown}
Potions
 d - a potion of might
 e - a potion of curing {unknown}
 g - a potion of brilliance {unknown}
 i - 2 potions of haste
 k - a potion of magic {unknown}
Comestibles
 f - 2 bread rations
 j - a royal jelly
 m - a fruit


   Skills:
 + Level 3.9 Fighting
 + Level 3.4 Axes
 + Level 3.7 Armour
 + Level 1.1 Dodging
 + Level 3.9 Shields


You had 3 spell levels left.
You didn't know any spells.

Dungeon Overview and Level Annotations

Branches:
Dungeon (2/15)

Altars:

Annotations:
D:2 Sigmund


Message History

* * * LOW HITPOINT WARNING * * *
You miss something. Something hits you.
* * * LOW HITPOINT WARNING * * *
You barely miss something. Something hits you but does no damage.
You hit something.
You hear some strange, mumbled words.
Something tries to affect you, but you resist.
You hit something but do no damage. Something hits you.
* * * LOW HITPOINT WARNING * * *
You closely miss something. You block something's attack.
You barely miss something.
You hear some strange, mumbled words.
Something tries to affect you, but you resist.
You block something's attack.
You closely miss something. You hit something.
You hear some strange, mumbled words.
Something tries to affect you, but you resist.
Something hits you!
You die...

###.######## #.# # #.# #. #.####
#. ... ###....### #.# ...
.#####...###### #####.. .... ##.#
#........# ....... ..... #..#
#........# .######
.....####.######@.......#..# #
..........<.)..{...(<...#.#######
........#.##########..(..........
.....##.#.# ####(..####### ....
#.#.# #######...#........ ..
#...# #.......########.##
#..######.####### ####[..#
#.........#########....####
#.#..######................


There were no monsters in sight!

Vanquished Creatures
  2 adders (D:2)
  An ooze (D:1)
  A worm (D:2)
  2 dart slugs
  2 bats
  2 giant cockroaches
  5 hobgoblins
  A quokka (D:2)
  2 ball pythons
  A frilled lizard (D:2)
  7 goblins
  5 kobolds
  4 rats
35 creatures vanquished.

Notes
Turn   | Place    | Note
-------+----------+-------------------------------------------
     0 | D:1      | ringo67 the Hill Orc Fighter began the quest for the Orb.
     0 | D:1      | Reached XP level 1. HP: 19/19 MP: 1/1
   112 | D:1      | Reached XP level 2. HP: 27/27 MP: 2/2
   824 | D:2      | Reached XP level 3. HP: 33/33 MP: 3/3
   897 | D:2      | Reached skill level 1 in Dodging
  1194 | D:2      | Noticed Sigmund
  1203 | D:2      | Reached XP level 4. HP: 26/40 MP: 4/4
  2051 | D:2      | HP: 2/40 [something (5)]
  2055 | D:2      | Slain by Sigmund

Skill      XL: |  1  2  3 |
---------------+----------+-----
Axes           | 3 |  3.4
Dodging        | 1 |  1.1
Fighting       | |  3.9
Armour         | |  3.7
Shields        | |  3.9

Action                   |  1- 3 |  4- 6 || total
-------------------------+-------+-------++-------
Melee: War axe           |   101 |    37 ||   138
  Eat: Chunk             |     1 |     2 ||     3
Armor: Scale mail        |    33 |    12 ||    45
Dodge: Dodged            |    30 |     3 ||    33
Block: Shield            |    53 |    10 ||    63
